BSA
ORLANDO CALRISSIAN @ EL DORADO OILERS
07/12/2030
 
TOP OF THE 1ST
Orlando Calrissian batting - Pitching for El Dorado Oilers : RHP Barton Johnson
Pitching: RHP Barton Johnson
Batting: RHB Jesús Gonzáles 0-0: SINGLE (Groundball, 4MD)
Batting: SHB Tim Abbott 0-0: DOUBLE (Line Drive, 78XD)
Jesús Gonzáles to third
Runner from 3rd tries for Home, SAFE, no throw
Batting: RHB Rich Anderson 0-0: Ball
1-0: Foul Ball, location: 2F
1-1: Called Strike
1-2: Strikes out looking
Batting: RHB Gabriel Ángel 0-0: Ball
1-0: SINGLE (Flyball, 4MD)
Tim Abbott to third
Batting: RHB Frederico Hernández 0-0: Called Strike
0-1: Ball
1-1: Called Strike
1-2: Grounds into double play, 1-6-3 (Groundball, 13S)
Top of the 1st over - 1 run, 3 hits, 0 errors, 1 left on base; Orlando 1 - El Dorado 0
BOTTOM OF THE 1ST
El Dorado Oilers batting - Pitching for Orlando Calrissian : RHP Dave Heath
Pitching: RHP Dave Heath
Batting: SHB Theron Harper 0-0: Foul Ball, location: 2F
0-1: Ball
1-1: Ground out 6-3 (Groundball, 6)
Batting: LHB Ashley Pickhills 0-0: Ground out 6-3 (Groundball, 6)
Batting: RHB Ernesto Acosta 0-0: Ball
1-0: Ball
2-0: Called Strike
2-1: Ground out 5-3 (Groundball, 56S)
Bottom of the 1st over - 0 runs, 0 hits, 0 errors, 0 left on base; Orlando 1 - El Dorado 0
TOP OF THE 2ND
Orlando Calrissian batting - Pitching for El Dorado Oilers : RHP Barton Johnson
Batting: LHB Juan Colón 0-0: Ball
1-0: Fly out, F8 (Line Drive, 8RD)
Batting: LHB Danny Allen 0-0: Ball
1-0: Called Strike
1-1: Ground out 5-3 (Groundball, 56)
Batting: RHB Griswold Coleman 0-0: Called Strike
0-1: Ball
1-1: Ball
2-1: Called Strike
2-2: Foul Ball, location: 2F
2-2: Ball
3-2: Ground out 6-3 (Groundball, 6MD)
Top of the 2nd over - 0 runs, 0 hits, 0 errors, 0 left on base; Orlando 1 - El Dorado 0
BOTTOM OF THE 2ND
El Dorado Oilers batting - Pitching for Orlando Calrissian : RHP Dave Heath
Batting: LHB José Hernández 0-0: Called Strike
0-1: Swinging Strike
0-2: Strikes out swinging
Batting: RHB Bob Johnson 0-0: Called Strike
0-1: Called Strike
0-2: Strikes out swinging
Batting: LHB Al Gaines 0-0: Called Strike
0-1: SINGLE (Groundball, 4MD)
Batting: RHB Tony Hernández 0-0: Ball
1-0: Ball
2-0: Called Strike
Pickoff Throw by Catcher to First - Out!
Bottom of the 2nd over - 0 runs, 1 hit, 0 errors, 0 left on base; Orlando 1 - El Dorado 0
TOP OF THE 3RD
Orlando Calrissian batting - Pitching for El Dorado Oilers : RHP Barton Johnson
Batting: RHB Júlio Negrón 0-0: Ball
1-0: Ball
2-0: Ball
3-0: Called Strike
3-1: Base on Balls
Batting: RHB Jesús Gonzáles 0-0: Ball
Júlio Negrón is caught stealing 2nd base
1-0: Called Strike
1-1: Foul Ball, location: 2F
1-2: Foul Ball, location: 2F
1-2: Ball
2-2: Strikes out swinging
Batting: SHB Tim Abbott 0-0: Foul Ball, location: 2F
0-1: Ball
1-1: Ball
2-1: SINGLE (Groundball, 6MD)
Batting: RHB Rich Anderson 0-0: Called Strike
Tim Abbott is caught stealing 2nd base
Top of the 3rd over - 0 runs, 1 hit, 0 errors, 0 left on base; Orlando 1 - El Dorado 0
BOTTOM OF THE 3RD
El Dorado Oilers batting - Pitching for Orlando Calrissian : RHP Dave Heath
Batting: RHB Tony Hernández 0-0: Swinging Strike
0-1: Foul Ball, location: 2F
0-2: Ball
1-2: DOUBLE (Flyball, 8RXD)
Batting: RHB José Carlos Caraballo 0-0: Ball
1-0: Ball
2-0: Swinging Strike
2-1: Swinging Strike
2-2: Foul Ball, location: 2F
2-2: Foul Ball, location: 2F
2-2: Foul Ball, location: 2F
2-2: Strikes out swinging
Batting: LHB Mathew Clayton 0-0: Called Strike
Tony Hernández steals 3rd base
0-1: Ball
1-1: DOUBLE (Flyball, 8LXD)
Tony Hernández scores
Batting: SHB Theron Harper 0-0: Foul Ball, location: 2F
0-1: Ball
1-1: Ball
2-1: Foul Ball, location: 2F
2-2: DOUBLE (Groundball, 3L)
Mathew Clayton scores
Batting: LHB Ashley Pickhills 0-0: Ball
1-0: Called Strike
1-1: Ground out 3-1 (Groundball, 34)
Theron Harper to third
Batting: RHB Ernesto Acosta 0-0: Ball
1-0: Ball
2-0: Swinging Strike
2-1: Called Strike
2-2: Strikes out swinging
Bottom of the 3rd over - 2 runs, 3 hits, 0 errors, 1 left on base; Orlando 1 - El Dorado 2
TOP OF THE 4TH
Orlando Calrissian batting - Pitching for El Dorado Oilers : RHP Barton Johnson
Batting: RHB Rich Anderson 0-0: Ball
1-0: Ball
2-0: Ball
3-0: Base on Balls
Batting: RHB Gabriel Ángel 0-0: Ball
1-0: Called Strike
1-1: Ball
2-1: Ball
3-1: Called Strike
3-2: Foul Ball, location: 2F
3-2: Strikes out swinging
Batting: RHB Frederico Hernández 0-0: Called Strike
0-1: Foul Ball, location: 2F
0-2: Foul Ball, location: 2F
0-2: Foul Ball, location: 2F
0-2: Ball
1-2: Ball
2-2: Foul Ball, location: 2F
2-2: Fly out, F5 (Line Drive, 5)
Batting: LHB Juan Colón 0-0: Called Strike
0-1: Ball
1-1: Ball
2-1: Ball
3-1: Fielders Choice at 2nd, 5-4 (Groundball, 5)
Top of the 4th over - 0 runs, 0 hits, 0 errors, 1 left on base; Orlando 1 - El Dorado 2
BOTTOM OF THE 4TH
El Dorado Oilers batting - Pitching for Orlando Calrissian : RHP Dave Heath
Batting: LHB José Hernández 0-0: Ball
1-0: Swinging Strike
1-1: Foul Ball, location: 2F
1-2: Ball
2-2: Ball
3-2: Base on Balls
Batting: RHB Bob Johnson 0-0: Ball
1-0: Ball
2-0: Foul Ball, location: 2F
2-1: Ball
3-1: Foul Ball, location: 2F
3-2: Strikes out swinging
Batting: LHB Al Gaines 0-0: Fly out, F9 (Flyball, 9D)
Batting: RHB Tony Hernández 0-0: Fly out, F8 (Flyball, 89D)
Bottom of the 4th over - 0 runs, 0 hits, 0 errors, 1 left on base; Orlando 1 - El Dorado 2
TOP OF THE 5TH
Orlando Calrissian batting - Pitching for El Dorado Oilers : RHP Barton Johnson
Batting: LHB Danny Allen 0-0: Swinging Strike
0-1: Called Strike
0-2: Ball
1-2: Strikes out swinging
Batting: RHB Griswold Coleman 0-0: Called Strike
0-1: Ball
1-1: Foul Ball, location: 2F
1-2: Ball
2-2: SINGLE (Line Drive, 6D)
Batting: RHB Júlio Negrón 0-0: Foul Ball, location: 2F
0-1: Ball
1-1: Ball
2-1: Fly out, F8 (Line Drive, 8LD)
Batting: RHB Jesús Gonzáles 0-0: Ball
1-0: Called Strike
1-1: Foul Ball, location: 2F
1-2: Strikes out swinging
Top of the 5th over - 0 runs, 1 hit, 0 errors, 1 left on base; Orlando 1 - El Dorado 2
BOTTOM OF THE 5TH
El Dorado Oilers batting - Pitching for Orlando Calrissian : RHP Dave Heath
Batting: RHB José Carlos Caraballo 0-0: Called Strike
0-1: Ball
1-1: Swinging Strike
1-2: Foul Ball, location: 2F
1-2: Ground out 4-3 (Groundball, 4)
Batting: LHB Mathew Clayton 0-0: Ball
1-0: Ball
2-0: Ball
3-0: Called Strike
3-1: Base on Balls
Batting: SHB Theron Harper 0-0: Ball
1-0: Ball
2-0: SINGLE (Line Drive, 8LS)
Mathew Clayton to second
Runner from 2nd tries for 3rd, SAFE, no throw
Batting: LHB Ashley Pickhills 0-0: Called Strike
0-1: DOUBLE (Flyball, 8LXD)
Mathew Clayton scores
Theron Harper to third
Batting: RHB Ernesto Acosta 0-0: Foul Ball, location: 2F
0-1: Ball
1-1: Fly out, F6 (Popup, 6MS)
Batting: LHB José Hernández 0-0: Called Strike
0-1: Ball
1-1: DOUBLE (Flyball, 8RXD)
Theron Harper scores
Ashley Pickhills scores
Pitching: LHP Keith Jennings
Batting: RHB Bob Johnson 0-0: Ball
1-0: Ball
2-0: Foul Ball, location: 2F
2-1: Called Strike
2-2: Ball
3-2: Base on Balls
Batting: LHB Al Gaines 0-0: Ball
1-0: Fly out, F8 (Flyball, 8LS)
Bottom of the 5th over - 3 runs, 3 hits, 0 errors, 2 left on base; Orlando 1 - El Dorado 5
TOP OF THE 6TH
Orlando Calrissian batting - Pitching for El Dorado Oilers : RHP Barton Johnson
Batting: SHB Tim Abbott 0-0: Called Strike
0-1: Swinging Strike
0-2: Foul Ball, location: 2F
0-2: Ball
1-2: Strikes out looking
Batting: RHB Rich Anderson 0-0: Called Strike
0-1: Ball
1-1: Fly out, F3 (Popup, 23F)
Batting: RHB Gabriel Ángel 0-0: Called Strike
0-1: Foul Ball, location: 2F
0-2: Foul Ball, location: 2F
0-2: Ball
1-2: Strikes out looking
Top of the 6th over - 0 runs, 0 hits, 0 errors, 0 left on base; Orlando 1 - El Dorado 5
BOTTOM OF THE 6TH
El Dorado Oilers batting - Pitching for Orlando Calrissian : LHP Keith Jennings
Batting: RHB Tony Hernández 0-0: Ball
1-0: Ground out 6-3 (Groundball, 6)
Batting: RHB José Carlos Caraballo 0-0: Ball
1-0: Foul Ball, location: 2F
1-1: SINGLE (Line Drive, 34D)
Batting: LHB Mathew Clayton 0-0: Called Strike
0-1: Ball
1-1: Foul Ball, location: 2F
1-2: Foul Ball, location: 2F
1-2: Foul Ball, location: 2F
1-2: Fly out, F7 (Flyball, 78D)
Batting: SHB Theron Harper 0-0: Called Strike
0-1: Ground out 4-3 (Groundball, 4)
Bottom of the 6th over - 0 runs, 1 hit, 0 errors, 1 left on base; Orlando 1 - El Dorado 5
TOP OF THE 7TH
Orlando Calrissian batting - Pitching for El Dorado Oilers : RHP Barton Johnson
Batting: RHB Frederico Hernández 0-0: Foul Ball, location: 2F
0-1: Foul Ball, location: 2F
0-2: Ball
1-2: Ball
2-2: Ground out 5-3 (Groundball, 56)
Batting: LHB Juan Colón 0-0: Called Strike
0-1: Foul Ball, location: 2F
0-2: Ball
1-2: Ball
2-2: Ground out 5-3 (Groundball, 56)
Batting: LHB Danny Allen 0-0: Ball
1-0: Ground out U3 (Groundball, 3)
Top of the 7th over - 0 runs, 0 hits, 0 errors, 0 left on base; Orlando 1 - El Dorado 5
BOTTOM OF THE 7TH
El Dorado Oilers batting - Pitching for Orlando Calrissian : LHP Keith Jennings
Batting: LHB Ashley Pickhills 0-0: Called Strike
0-1: Ball
1-1: Ball
2-1: TRIPLE (Line Drive, 78D)
Batting: RHB Ernesto Acosta 0-0: Intentional Walk
Batting: LHB José Hernández 0-0: Called Strike
0-1: Called Strike
0-2: Strikes out swinging
Batting: RHB Bob Johnson 0-0: Called Strike
0-1: Ball
1-1: Ball
2-1: Ball
3-1: Foul Ball, location: 2F
3-2: Foul Ball, location: 2F
3-2: Ground out 4-3 (Groundball, 34)
Ashley Pickhills scores
Ernesto Acosta to second
Batting: LHB Al Gaines 0-0: Swinging Strike
0-1: Ball
1-1: Called Strike
1-2: Ball
2-2: Strikes out swinging
Bottom of the 7th over - 1 run, 1 hit, 0 errors, 1 left on base; Orlando 1 - El Dorado 6
TOP OF THE 8TH
Orlando Calrissian batting - Pitching for El Dorado Oilers : RHP Barton Johnson
Pitching: LHP Jim Sheppard
Batting: RHB Griswold Coleman 0-0: Foul Ball, location: 2F
0-1: Ball
1-1: Swinging Strike
1-2: Foul Ball, location: 2F
1-2: Ball
2-2: Ball
3-2: DOUBLE (Flyball, 8RXD)
Batting: RHB Júlio Negrón 0-0: Ball
1-0: Foul Ball, location: 2F
1-1: Foul Ball, location: 2F
1-2: Fly out, F9 (Flyball, 9LS)
Batting: RHB Jesús Gonzáles 0-0: Foul Ball, location: 2F
0-1: Foul Ball, location: 2F
0-2: Ball
1-2: Strikes out swinging
Batting: SHB Tim Abbott 0-0: Ball
1-0: Ball
2-0: SINGLE (Line Drive, 6MD)
Griswold Coleman to third
Batting: RHB Rich Anderson 0-0: Ball
1-0: 3-RUN HOME RUN (Flyball, 7LD), Distance : 425 ft
Pitching: LHP Artie Nelson
Batting: RHB Gabriel Ángel 0-0: Ball
1-0: Ball
2-0: Called Strike
2-1: Swinging Strike
2-2: Strikes out swinging
Top of the 8th over - 3 runs, 3 hits, 0 errors, 0 left on base; Orlando 4 - El Dorado 6
BOTTOM OF THE 8TH
El Dorado Oilers batting - Pitching for Orlando Calrissian : LHP Keith Jennings
Batting: RHB Tony Hernández 0-0: Fly out, F5 (Popup, 56)
Batting: RHB José Carlos Caraballo 0-0: SINGLE (Groundball, 34D)
Batting: LHB Mathew Clayton 0-0: Called Strike
0-1: Hit by Pitch
José Carlos Caraballo to second
Batting: SHB Theron Harper 0-0: Ball
1-0: SINGLE (Groundball, 34D)
José Carlos Caraballo to third
Mathew Clayton to second
Runner from 3rd tries for Home, SAFE, throw made home
Pitching: LHP Xavier Velázquez
Batting: LHB Ashley Pickhills 0-0: Fielders Choice at 2nd, 1-6 (Groundball, 13)
Mathew Clayton to third
Batting: RHB Ernesto Acosta 0-0: Ball
1-0: Called Strike
1-1: Ground out 4-3 (Groundball, 4)
Bottom of the 8th over - 1 run, 2 hits, 0 errors, 2 left on base; Orlando 4 - El Dorado 7
TOP OF THE 9TH
Orlando Calrissian batting - Pitching for El Dorado Oilers : LHP Artie Nelson
Pitching: RHP Kuang-yin Yue
Batting: RHB Frederico Hernández 0-0: Ball
1-0: Fly out, F5 (Popup, 56)
Batting: LHB Juan Colón 0-0: Foul Ball, location: 2F
0-1: Ball
1-1: Foul Ball, location: 2F
1-2: Strikes out looking
Batting: LHB Danny Allen 0-0: Ball
1-0: Ball
2-0: Foul Ball, location: 2F
2-1: Swinging Strike
2-2: Strikes out swinging
Top of the 9th over - 0 runs, 0 hits, 0 errors, 0 left on base; Orlando 4 - El Dorado 7
Saturday, April 7th, 2018 - OOTP Baseball 18.8 Build 76